 Dungeon Crawl Stone Soup version 0.30-a0-618-gd6c86c23d0 (webtiles) character file.

Game seed: 8398155450089298637

65 Dirtsage the Cudgeller (level 3, 6/29 HPs)
             Began as a Demonspawn Fighter on Jan 9, 2023.
             Quit the game on level 4 of the Dungeon.
             The game lasted 00:03:21 (1852 turns).

Dirtsage the Cudgeller (Demonspawn Fighter)         Turns: 1852, Time: 00:03:21

Health: 6/29       AC:  6    Str: 18    XL:     3   Next: 92%
Magic:  3/3        EV:  9    Int:  9    God:
Gold:   129        SH:  4    Dex: 12    Spells: 2/2 levels left

rFire   . . .      SeeInvis .    a - +0 flail
rCold   . . .      Faith    .    c - +0 buckler
rNeg    . . .      Spirit   .    b - +0 scale mail
rPois   .          Reflect  .    (helmet restricted)
rElec   .          Harm     .    (no cloak)
rCorr   .          Rampage  .    (no gloves)
Will    .....                    (no boots) Stlth
                                 (no amulet)
HPRegen 0.24/turn                (no ring)
MPRegen 0.08/turn                (no ring)

@: no status effects
A: horns 1, ignite blood 1
a: no special abilities


You were on level 4 of the Dungeon.
You visited 1 branch of the dungeon, and saw 4 of its levels.

You collected 129 gold pieces.

Inventory:

Hand Weapons
 a - a +0 flail (weapon)
Armour
 b - a +0 scale mail (worn)
 c - a +0 buckler (worn)
Jewellery
 m - a +6 ring of strength
Scrolls
 f - 2 scrolls of teleportation {unknown}
 i - 3 scrolls of noise {unknown}
 j - a scroll of enchant weapon {unknown}
 k - 3 scrolls of fear {unknown}
 n - a scroll of fog {unknown}
 r - a scroll of magic mapping {unknown}
Potions
 d - a potion of might
 e - a potion of heal wounds {unknown}
 g - 2 potions of lignification {unknown}
 h - a potion of flight {unknown}
 l - a potion of berserk rage {unknown}
 o - a potion of mutation {unknown}
 p - 2 potions of curing {unknown}
 q - a potion of cancellation {unknown}


   Skills:
 - Level 3.0 Fighting
 + Level 3.9 Maces & Flails
 - Level 2.6 Armour
 - Level 2.6 Shields


You had 2 spell levels left.
You didn't know any spells.
Your spell library was empty.

Dungeon Overview and Level Annotations

Branches:
Dungeon (4/15)
 Temple: D:4-7

Altars:
Xom

Annotations:
D:3 2 transporters


Innate Abilities, Weirdness & Mutations

You have a pair of small horns on your head.
Your demonic aura sometimes causes spilled blood to erupt in flames.


Message History

No reachable target in view!
Found a stone staircase leading down.
You now have 129 gold pieces (gained 13).
r - a scroll labelled NEYPSUROTS
There is a stone staircase leading down here.
Found a stone staircase leading up.
There is a stone staircase leading up here. 2 gnolls come into view.
The gnoll shouts!
A gnoll comes into view. It is wielding a +0 halberd.
There are monsters nearby!
The gnoll shouts!
You block the gnoll's attack.
You barely miss the gnoll. You headbutt the gnoll.
The gnoll is lightly wounded.
The gnoll hits you but does no damage.
You hit the gnoll.
The gnoll is heavily wounded.
The gnoll hits you with a +0 spear.
You take 1 damage, and have 28/29 hp.
You closely miss the gnoll.
The gnoll hits you from afar with a +0 spear.
The gnoll hits you from afar with a +0 halberd!
You take 16 damage, and have 12/29 hp.
MASSIVE DAMAGE!!
There is a stone staircase leading up here.
The gnoll hits you with a +0 whip.
You take 1 damage, and have 11/29 hp.
The gnoll attacks as you move away! The gnoll hits you with a +0 whip.
The gnoll attacks as you move away! You block the gnoll's attack.
The gnoll attacks as you move away! The gnoll barely misses you.
The gnoll attacks as you move away! The gnoll hits you with a +0 whip.
* * * LOW HITPOINT WARNING * * *
There is a stone staircase leading down here.
You take 5 damage, and have 6/29 hp.
You climb downwards.
You hear the hiss of flowing sand.
There is an entrance to an ossuary on this level.
Hurry and find it before the portal is buried!
The orc shouts! x2; The orc priest shouts!
The orc shouts!
The kobold shouts!
There is a stone staircase leading up here.
Are you sure you want to abandon this character and quit the game? (Confirm with "yes".)

#....
##.....
.......
.....(.
....o..
.....o.
###..o...o
#.@.......
##.g......
#........
K....r...
#........
#......##
#.......#
##..#.###


You could see an orc priest, a gnoll, 3 orcs, a quokka and a kobold.

Vanquished Creatures
  2 adders (D:2)
  2 worms (D:2)
  A dart slug (D:3)
  3 orcs (D:3)
  4 bats
  An endoplasm (D:1)
  4 giant cockroaches
  3 hobgoblins (D:2)
  3 kobolds
  4 quokkas
  2 ball pythons
  2 frilled lizards
  A goblin (D:3)
  4 rats
36 creatures vanquished.

Notes
Turn   | Place    | Note
-------+----------+-------------------------------------------
     0 | D:1      | Dirtsage the Demonspawn Fighter began the quest for the
                  | Orb.
     0 | D:1      | Reached XP level 1. HP: 18/18 MP: 1/1
   293 | D:1      | Gained mutation: Your demonic aura sometimes causes spilled
                  | blood to erupt in flames. [demonic ancestry]
   293 | D:1      | Reached XP level 2. HP: 24/24 MP: 2/2
   972 | D:2      | Identified the +2 leather armour of Bextacou {rC+}
  1128 | D:2      | Gained mutation: You have a pair of small horns on your
                  | head. [demonic ancestry]
  1128 | D:2      | Reached XP level 3. HP: 29/29 MP: 3/3
  1503 | D:3      | Found a shimmering altar of Xom.
  1503 | D:3      | Noticed an angel
  1544 | D:3      | Found a transporter.
  1766 | D:3      | Found a faded altar of an unknown god.
  1810 | D:3      | Found a transporter.
  1852 | D:4      | Quit the game

Illustrated notes

Levels and vault maps discovered:
D:1:      heliophobic_arrival_ceremonial_halls, layout_loops_ring,
          nicolae_eternal_life
D:2:      layout_loops_ring
D:3:      gammafunk_wand_slinger, layout_basic,
          grunt_temple_overflow_order_and_chaos_1,
          lemuel_coloured_pillars_altar, tgw_kikubaaqudgha,
          ebering_ecumenical_altar_petrified, bh_walls_and_bars
D:4:      layout_cave_pools, kennysheep_little_box, temple_doors_ab,
          enter_ossuary_1, uniq_duvessa

Skill      XL: |  1  2 |
---------------+-------+-----
Maces & Flails | 2 3 |  3.9
Fighting       | |  3.0
Armour         | |  2.6
Shields        | |  2.6

Action                   || total
-------------------------++-------
Melee: Flail             ||   112
       Headbutt          ||     8
Armor: Scale mail        ||    57
Dodge: Dodged            ||    47
Block: Buckler           ||    27

Table legend: (Time is in decaauts)
 A = Elapsed time spent in this place.
 B = Non-inter-level travel time spent in this place.
 C = Inter-level travel time spent in this place.
 D = Time resting spent in this place.
 E = Time spent auto-exploring this place.
 F = Levels seen in this place.
 G = Mean time per level.
                   A        B        C        D        E       F      G
               +--------+--------+--------+--------+--------+-----+--------+
         Total |   1884 |   1796 |     88 |     40 |   1465 |   4 |  471.0 |
       Dungeon |   1884 |   1796 |     88 |     40 |   1465 |   4 |  471.0 |
               +--------+--------+--------+--------+--------+-----+--------+

Top non-repeatable levels by time:
     D:1: 847 daAuts
     D:2: 679 daAuts
     D:3: 356 daAuts
     D:4: 0 daAuts
